PBL
WINNIPEG GOLDEYES @ NEW JERSEY DEVILS
09/19/2044
 
TOP OF THE 1ST
Winnipeg Goldeyes batting - Pitching for New Jersey Devils : RHP Jason Horvath
Pitching: RHP Jason Horvath
Batting: RHB John Dew 0-0: Ball
1-0: Ball
2-0: Ground out 6-3 (Groundball, 6, EV 90.6 MPH)
Batting: RHB David McClellan 0-0: Ball
1-0: Ball
2-0: Ball
3-0: Base on Balls
Batting: SHB Ian Thompson 0-0: Ball
David McClellan steals 2nd base
1-0: Ball
2-0: Ball
3-0: Called Strike
3-1: Called Strike
3-2: Strikes out swinging
Batting: LHB Marvin Shepherd 0-0: Called Strike
0-1: Swinging Strike
0-2: Ball
1-2: Ball
2-2: Ball
3-2: Strikes out looking
Top of the 1st over - 0 runs, 0 hits, 0 errors, 1 left on base; Winnipeg 0 - New Jersey 0
BOTTOM OF THE 1ST
New Jersey Devils batting - Pitching for Winnipeg Goldeyes : RHP Tom Winsor
Pitching: RHP Tom Winsor
Batting: LHB Matt Baker 0-0: Ball
1-0: Called Strike
1-1: Ball
2-1: Foul Ball, location: 2F
2-2: Ball
3-2: Strikes out swinging
Batting: RHB Larry Shoop 0-0: Called Strike
0-1: Foul Ball, location: 2F
0-2: Ball
1-2: Ball
2-2: Ball
3-2: Base on Balls
Batting: RHB Gang-sheng Chew 0-0: Ball
Larry Shoop steals 2nd base
1-0: Ball
2-0: Called Strike
2-1: Ball
3-1: 2-RUN HOME RUN (Flyball, 89XD, EV 104.4 MPH), Distance : 412 ft
Batting: RHB Bobby Coulombe 0-0: Called Strike
0-1: TRIPLE (Flyball, 78XD, EV 91.9 MPH)
Pitching: RHP Larry Muttart
Batting: LHB Bayesa Mundhir 0-0: Called Strike
0-1: Called Strike
0-2: Foul Ball, location: 2F
0-2: Ball
1-2: Foul Ball, location: 2F
1-2: Fly out, F8 (Flyball, 78D, EV 83.8 MPH)
Batting: LHB Dan Bremseth 0-0: Ball
1-0: Ball
2-0: Called Strike
2-1: Ball
Wild Pitch!
Bobby Coulombe scores
3-1: Base on Balls
Batting: SHB Nick Daigle 0-0: Called Strike
Dan Bremseth is caught stealing 2nd base 2-6
Bottom of the 1st over - 3 runs, 2 hits, 0 errors, 0 left on base; Winnipeg 0 - New Jersey 3
TOP OF THE 2ND
Winnipeg Goldeyes batting - Pitching for New Jersey Devils : RHP Jason Horvath
Batting: LHB Kuemon Shishido 0-0: Foul Ball, location: 2F
0-1: Ball
1-1: Ground out 4-3 (Groundball, 4, EV 82.5 MPH)
Batting: LHB Brian Wagner 0-0: SINGLE (Line Drive, 89M, EV 93.1 MPH)
Batting: RHB Jeremy Witt 0-0: Ball
1-0: Called Strike
1-1: Ball
2-1: Called Strike
2-2: Fielders Choice at 2nd, 5-4 (Groundball, 56, EV 100.6 MPH)
Batting: RHB Tim Carter 0-0: Ball
1-0: Called Strike
1-1: Foul Ball, location: 2F
1-2: Ground out 6-3 (Groundball, 6M, EV 80.6 MPH)
Top of the 2nd over - 0 runs, 1 hit, 0 errors, 1 left on base; Winnipeg 0 - New Jersey 3
BOTTOM OF THE 2ND
New Jersey Devils batting - Pitching for Winnipeg Goldeyes : RHP Larry Muttart
Batting: SHB Nick Daigle 0-0: Ball
1-0: SINGLE (Line Drive, 9S, EV 98.1 MPH)
Batting: SHB Keith Casner 0-0: Called Strike
0-1: Grounds into double play, 4-6-3 (Groundball, 34, EV 86.9 MPH)
Batting: RHB Mike Hanks 0-0: Foul Ball, location: 2F
0-1: Foul Ball, location: 2F
0-2: Fly out, F3 (Popup, 3SF, EV 70.0 MPH)
Bottom of the 2nd over - 0 runs, 1 hit, 0 errors, 0 left on base; Winnipeg 0 - New Jersey 3
TOP OF THE 3RD
Winnipeg Goldeyes batting - Pitching for New Jersey Devils : RHP Jason Horvath
Batting: RHB Alexandre Garcia 0-0: Ground out 5-3 (Groundball, 56, EV 76.3 MPH)
Batting: RHB John Dew 0-0: Ball
1-0: Ball
2-0: SINGLE (Line Drive, 4MD, EV 110.6 MPH)
Batting: RHB David McClellan 0-0: Ball
John Dew steals 2nd base
1-0: Called Strike
1-1: Ball
2-1: Ball
3-1: Called Strike
3-2: Foul Ball, location: 2F
3-2: Strikes out swinging, 2-3 out at first.
Batting: SHB Ian Thompson 0-0: Ball
1-0: Foul Ball, location: 2F
1-1: Ball
2-1: Foul Ball, location: 2F
2-2: Ball
3-2: Fly out, F7 (Flyball, 7, EV 86.9 MPH)
Top of the 3rd over - 0 runs, 1 hit, 0 errors, 1 left on base; Winnipeg 0 - New Jersey 3
BOTTOM OF THE 3RD
New Jersey Devils batting - Pitching for Winnipeg Goldeyes : RHP Larry Muttart
Pitching: RHP Scot Abbott
Batting: LHB Matt Baker 0-0: Ball
1-0: Called Strike
1-1: Foul Ball, location: 2F
1-2: Foul Ball, location: 2F
1-2: Ball
2-2: Strikes out looking
Batting: RHB Larry Shoop 0-0: Called Strike
0-1: Ball
1-1: Called Strike
1-2: Fly out, F7 (Flyball, 78M, EV 77.5 MPH)
Batting: RHB Gang-sheng Chew 0-0: DOUBLE (Line Drive, 9LM, EV 100.0 MPH)
Batting: RHB Bobby Coulombe 0-0: Called Strike
0-1: Foul Ball, location: 2F
0-2: Ball
1-2: Ball
2-2: 2-RUN HOME RUN (Flyball, 7D, EV 96.3 MPH), Distance : 381 ft
Batting: LHB Bayesa Mundhir 0-0: Called Strike
0-1: Ball
1-1: Called Strike
1-2: SINGLE (Line Drive, 9S, EV 90.0 MPH)
Pitching: LHP David Gordon
Batting: LHB Dan Bremseth 0-0: Foul Ball, location: 2F
0-1: Called Strike
0-2: Ball
1-2: Strikes out looking
Bottom of the 3rd over - 2 runs, 3 hits, 0 errors, 1 left on base; Winnipeg 0 - New Jersey 5
TOP OF THE 4TH
Winnipeg Goldeyes batting - Pitching for New Jersey Devils : RHP Jason Horvath
Batting: LHB Marvin Shepherd 0-0: Ball
1-0: Foul Ball, location: 2F
1-1: Ball
2-1: Foul Ball, location: 2F
2-2: Ball
3-2: Ground out U3 (Groundball, 3, EV 90.6 MPH)
Batting: LHB Kuemon Shishido 0-0: Called Strike
0-1: Ball
1-1: Called Strike
1-2: Ball
2-2: Ball
3-2: Base on Balls
Batting: LHB Brian Wagner 0-0: Ball
1-0: Ball
2-0: Ball
3-0: Base on Balls
Kuemon Shishido to second
Pitching: LHP Joe Edwards
Batting: RHB Jeremy Witt 0-0: Called Strike
0-1: Ball
1-1: Swinging Strike
1-2: Foul Ball, location: 2F
1-2: Fly out, F7 (Line Drive, 7, EV 85.6 MPH)
Batting: RHB Tim Carter 0-0: Ball
1-0: Ball
2-0: Called Strike
2-1: Fielders Choice at 2nd, U4 (Groundball, 4M, EV 88.8 MPH)
Top of the 4th over - 0 runs, 0 hits, 0 errors, 2 left on base; Winnipeg 0 - New Jersey 5
BOTTOM OF THE 4TH
New Jersey Devils batting - Pitching for Winnipeg Goldeyes : LHP David Gordon
Batting: SHB Nick Daigle 0-0: Foul Ball, location: 2F
0-1: Ball
1-1: Ball
2-1: Reached on error, E8 (Flyball, 8RD, EV 88.1 MPH)
Batting: SHB Keith Casner 0-0: Hit by Pitch
Batting: RHB Mike Hanks 0-0: Called Strike
0-1: Called Strike
0-2: Strikes out looking
Batting: LHB Matt Baker 0-0: Ball
1-0: Ball
2-0: TRIPLE (Line Drive, 9LD, EV 110.0 MPH)
Nick Daigle scores
Keith Casner scores
Batting: RHB Larry Shoop 0-0: Foul Ball, location: 2F
0-1: Called Strike
0-2: Ball
1-2: Ball
2-2: Strikes out swinging
Pitching: RHP Carlos Palacios
Batting: RHB Gang-sheng Chew 0-0: Called Strike
0-1: Ball
1-1: Ball
2-1: 2-RUN HOME RUN (Flyball, 7D, EV 95.6 MPH), Distance : 381 ft
Batting: RHB Bobby Coulombe 0-0: Foul Ball, location: 2F
0-1: Ball
1-1: Foul Ball, location: 2F
1-2: Ball
2-2: Ground out U3 (Groundball, 13, EV 81.9 MPH)
Bottom of the 4th over - 4 runs, 2 hits, 1 error, 0 left on base; Winnipeg 0 - New Jersey 9
TOP OF THE 5TH
Winnipeg Goldeyes batting - Pitching for New Jersey Devils : LHP Joe Edwards
Batting: RHB Alexandre Garcia 0-0: Ball
1-0: Ground out 5-3 (Groundball, 5, EV 100.0 MPH)
Batting: RHB John Dew 0-0: Swinging Strike
0-1: Ball
1-1: Called Strike
1-2: Ball
2-2: Ball
3-2: Fly out, F5 (Popup, 5, EV 76.3 MPH)
Batting: RHB David McClellan 0-0: Foul Ball, location: 2F
0-1: Called Strike
0-2: Ball
1-2: Ball
2-2: Ground out 6-3 (Groundball, 6, EV 106.9 MPH)
Top of the 5th over - 0 runs, 0 hits, 0 errors, 0 left on base; Winnipeg 0 - New Jersey 9
BOTTOM OF THE 5TH
New Jersey Devils batting - Pitching for Winnipeg Goldeyes : RHP Carlos Palacios
Batting: LHB Bayesa Mundhir 0-0: Ball
1-0: Called Strike
1-1: Ball
2-1: Foul Ball, location: 2F
2-2: Ball
3-2: Base on Balls
Batting: LHB Dan Bremseth 0-0: Ball
1-0: Foul Ball, location: 2F
1-1: Foul Ball, location: 2F
1-2: Foul Ball, location: 2F
1-2: Ball
2-2: Strikes out swinging
Pitching: LHP Kevin Drew
Batting: SHB Nick Daigle 0-0: Called Strike
0-1: Swinging Strike
0-2: Ball
1-2: Strikes out swinging
Batting: SHB Keith Casner 0-0: Called Strike
0-1: SINGLE (Flyball, 56D, EV 88.1 MPH)
Bayesa Mundhir to second
Batting: RHB Mike Hanks 0-0: Called Strike
0-1: Called Strike
0-2: Ball
1-2: SINGLE (Line Drive, 78M, EV 95.0 MPH)
Bayesa Mundhir to third
Keith Casner to second
Batting: LHB Matt Baker 0-0: Called Strike
0-1: Called Strike
0-2: Fly out, F8 (Flyball, 8LD, EV 76.9 MPH)
Bottom of the 5th over - 0 runs, 2 hits, 0 errors, 3 left on base; Winnipeg 0 - New Jersey 9
TOP OF THE 6TH
Winnipeg Goldeyes batting - Pitching for New Jersey Devils : LHP Joe Edwards
Batting: SHB Ian Thompson 0-0: Ball
1-0: Ball
2-0: Foul Ball, location: 2F
2-1: Foul Ball, location: 2F
2-2: Foul Ball, location: 2F
2-2: Foul Ball, location: 2F
2-2: Ball
3-2: SINGLE (Flyball, 4D, EV 83.8 MPH)
Batting: LHB Marvin Shepherd 0-0: Fly out, F9 (Flyball, 89D, EV 93.8 MPH)
Batting: LHB Kuemon Shishido 0-0: Called Strike
Ian Thompson steals 2nd base (no throw)
0-1: Ball
1-1: Ground out 6-3 (Groundball, 6, EV 108.8 MPH)
Batting: LHB Brian Wagner 0-0: Called Strike
0-1: Foul Ball, location: 2F
0-2: Ball
1-2: Foul Ball, location: 2F
1-2: Foul Ball, location: 2F
1-2: Ground out U3 (Groundball, 3, EV 100.0 MPH)
Top of the 6th over - 0 runs, 1 hit, 0 errors, 1 left on base; Winnipeg 0 - New Jersey 9
BOTTOM OF THE 6TH
New Jersey Devils batting - Pitching for Winnipeg Goldeyes : LHP Kevin Drew
Batting: RHB Larry Shoop 0-0: Ball
1-0: Foul Ball, location: 2F
1-1: Called Strike
1-2: Ball
2-2: Foul Ball, location: 2F
2-2: Foul Ball, location: 2F
2-2: SINGLE (Flyball, 56D, EV 94.4 MPH)
Pitching: RHP Tim Weller
Batting: RHB Gang-sheng Chew 0-0: Swinging Strike
0-1: Ball
1-1: Ball
2-1: Ball
3-1: Base on Balls
Larry Shoop to second
Batting: RHB Bobby Coulombe 0-0: Called Strike
0-1: Ball
1-1: Called Strike
1-2: Ball
2-2: Strikes out swinging
Batting: LHB Bayesa Mundhir 0-0: Called Strike
0-1: Swinging Strike
0-2: Fly out, F8 (Flyball, 8RM, EV 92.5 MPH)
Batting: LHB Dan Bremseth 0-0: Swinging Strike
0-1: Foul Ball, location: 2F
0-2: Ball
1-2: Foul Ball, location: 2F
1-2: Ball
2-2: Ground out 5-3 (Groundball, 56S, EV 81.9 MPH)
Bottom of the 6th over - 0 runs, 1 hit, 0 errors, 2 left on base; Winnipeg 0 - New Jersey 9
TOP OF THE 7TH
Winnipeg Goldeyes batting - Pitching for New Jersey Devils : LHP Joe Edwards
Batting: RHB Jeremy Witt 0-0: Ball
1-0: Foul Ball, location: 2F
1-1: Called Strike
1-2: Ball
2-2: Ball
3-2: Base on Balls
Pitching: LHP Keith Noftall
Pinch Hitting: RHB Steve Terrell 0-0: Ball
1-0: Called Strike
1-1: Ball
2-1: Foul Ball, location: 2F
2-2: Ball
3-2: Foul Ball, location: 2F
3-2: Foul Ball, location: 2F
3-2: Base on Balls
Jeremy Witt to second
Batting: RHB Alexandre Garcia 0-0: Ball
1-0: 3-RUN HOME RUN (Flyball, 7D, EV 96.9 MPH), Distance : 367 ft
Batting: RHB John Dew 0-0: Swinging Strike
0-1: Foul Ball, location: 2F
0-2: Ball
1-2: Foul Ball, location: 2F
1-2: Foul Ball, location: 2F
1-2: Ball
2-2: Strikes out swinging
Batting: RHB David McClellan 0-0: Called Strike
0-1: Ground out U3 (Groundball, 34S, EV 84.4 MPH)
Batting: SHB Ian Thompson 0-0: Called Strike
0-1: Ball
1-1: Ball
2-1: Foul Ball, location: 2F
2-2: Ball
3-2: Fly out, F7 (Flyball, 7LD, EV 89.4 MPH)
Top of the 7th over - 3 runs, 1 hit, 0 errors, 0 left on base; Winnipeg 3 - New Jersey 9
BOTTOM OF THE 7TH
New Jersey Devils batting - Pitching for Winnipeg Goldeyes : RHP Tim Weller
Now in CF: Steve Terrell
Batting: SHB Nick Daigle 0-0: Called Strike
0-1: Ball
1-1: Ball
2-1: Ball
3-1: Foul Ball, location: 2F
3-2: Base on Balls
Batting: SHB Keith Casner 0-0: Ball
1-0: Ball
2-0: Called Strike
2-1: Called Strike
2-2: Ball
3-2: Base on Balls
Nick Daigle to second
Batting: RHB Mike Hanks 0-0: Ground out 5-3 (Groundball, 56S, EV 71.3 MPH)
Nick Daigle to third
Keith Casner to second
Batting: LHB Matt Baker 0-0: Ball
1-0: Ball
2-0: Swinging Strike
2-1: Foul Ball, location: 2F
2-2: Strikes out looking
Batting: RHB Larry Shoop 0-0: Ball
1-0: Called Strike
1-1: Fly out, F6 (Popup, 6D, EV 46.3 MPH)
Bottom of the 7th over - 0 runs, 0 hits, 0 errors, 2 left on base; Winnipeg 3 - New Jersey 9
TOP OF THE 8TH
Winnipeg Goldeyes batting - Pitching for New Jersey Devils : LHP Keith Noftall
Batting: LHB Marvin Shepherd 0-0: Ball
1-0: Ball
2-0: Ball
3-0: Base on Balls
Batting: LHB Kuemon Shishido 0-0: Swinging Strike
0-1: Swinging Strike
0-2: Ball
1-2: Strikes out looking
Batting: LHB Brian Wagner 0-0: Ball
1-0: Foul Ball, location: 2F
1-1: Fly out, F8 (Line Drive, 8RD, EV 105.6 MPH)
Batting: RHB Jeremy Witt 0-0: Swinging Strike
0-1: Swinging Strike
0-2: Foul Ball, location: 2F
0-2: Strikes out swinging
Top of the 8th over - 0 runs, 0 hits, 0 errors, 1 left on base; Winnipeg 3 - New Jersey 9
BOTTOM OF THE 8TH
New Jersey Devils batting - Pitching for Winnipeg Goldeyes : RHP Tim Weller
Batting: RHB Gang-sheng Chew 0-0: Foul Ball, location: 2F
0-1: Called Strike
0-2: Ball
1-2: SOLO HOME RUN (Flyball, 78XD, EV 106.9 MPH), Distance : 401 ft
Batting: RHB Bobby Coulombe 0-0: Foul Ball, location: 2F
0-1: Foul Ball, location: 2F
0-2: Fly out, F8 (Flyball, 8LD, EV 83.8 MPH)
Batting: LHB Bayesa Mundhir 0-0: Called Strike
0-1: Foul Ball, location: 2F
0-2: Ball
1-2: SINGLE (Flyball, 8RM, EV 95.0 MPH)
Pinch Hitting: SHB Justin Wallace 0-0: Ball
1-0: DOUBLE (Groundball, 3L, EV 108.1 MPH)
Bayesa Mundhir to third
Batting: SHB Nick Daigle 0-0: Foul Ball, location: 2F
0-1: Called Strike
0-2: Strikes out swinging
Batting: SHB Keith Casner 0-0: Ball
1-0: 3-RUN HOME RUN (Flyball, 89XD, EV 107.5 MPH), Distance : 418 ft
Pitching: RHP Ricky Pizarro
Batting: RHB Mike Hanks 0-0: Ball
1-0: SOLO HOME RUN (Flyball, 78XD, EV 105.0 MPH), Distance : 407 ft
Batting: LHB Matt Baker 0-0: Ground out 4-3 (Groundball, 4, EV 97.5 MPH)
Bottom of the 8th over - 5 runs, 5 hits, 0 errors, 0 left on base; Winnipeg 3 - New Jersey 14
TOP OF THE 9TH
Winnipeg Goldeyes batting - Pitching for New Jersey Devils : LHP Keith Noftall
Now in LF: Justin Wallace
Batting: RHB Steve Terrell 0-0: Ball
1-0: Swinging Strike
1-1: Foul Ball, location: 2F
1-2: Strikes out swinging, 2-3 out at first.
Batting: RHB Alexandre Garcia 0-0: Foul Ball, location: 2F
0-1: Called Strike
0-2: Foul Ball, location: 2F
0-2: Ball
1-2: Strikes out swinging
Batting: RHB John Dew 0-0: Ground out 4-3 (Groundball, 4, EV 86.9 MPH)
Top of the 9th over - 0 runs, 0 hits, 0 errors, 0 left on base; Winnipeg 3 - New Jersey 14
Thursday, March 31st , 2022 - OOTP Baseball 22.12 Build 89